 Dungeon Crawl Stone Soup version 0.20-a0-150-g0ef8409 (webtiles) character file.

1089 FitzyFitz the Chiller (level 8, 0/52 HPs)
             Began as a High Elf Ice Elementalist on Nov 21, 2016.
             Was a Priest of Cheibriados.
             Slain by Warped's ghost (16 damage)
             ... on level 6 of the Dungeon.
             The game lasted 00:18:56 (6248 turns).

FitzyFitz the Chiller (High Elf Ice Elementalist)   Turns: 6248, Time: 00:18:57

Health: 0/52       AC: 17    Str: 14    XL:     8   Next: 9%
Magic:  0/13       EV: 15    Int: 29    God:    Cheibriados [***...]
Gold:   185        SH:  0    Dex: 22    Spells: 5/13 levels left

rFire  . . .     SeeInvis .     a - +0 long sword
rCold  . . .     Gourm    .     g - +0 robe
rNeg   . . .     Faith    .     (no shield)
rPois  .         Spirit   .     G - +0 helmet
rElec  .         Reflect  .     r - +2 cloak
rCorr  .         Harm     .     (no gloves)
MR     .....                    (no boots)
Stlth  +++.......               f - amulet of magic regeneration
                                m - +4 ring of slaying
                                t - +4 ring of protection

@: icy armour, flying, very slow
A: no striking features
a: Bend Time, Temporal Distortion, Renounce Religion


You were on level 6 of the Dungeon.
You worshipped Cheibriados.
Cheibriados was most pleased with you.
You were near starving.

You visited 1 branch of the dungeon, and saw 6 of its levels.

You collected 234 gold pieces.
You spent 49 gold pieces at shops.

Inventory:

Hand Weapons
 a - a +0 long sword (weapon)
 b - a +0 hunting sling
Missiles
 d - 95 arrows
 h - 209 stones (quivered)
 w - 25 sling bullets
Armour
 g - a +0 robe (worn)
 r - a +2 cloak (worn)
 G - a +0 helmet (worn)
Jewellery
 f - an amulet of magic regeneration (around neck)
 m - a +4 ring of slaying (right hand)
 t - a +4 ring of protection (left hand)
Wands
 A - a wand of iceblast (7/15)
 C - a wand of polymorph (0/24)
 E - a wand of teleportation (8/9)
Scrolls
 j - a scroll of random uselessness {unknown}
 n - 2 scrolls of fear {unknown}
 p - 2 scrolls of blinking
 y - 3 scrolls of teleportation {unknown}
 z - a scroll of amnesia {unknown}
 F - a scroll of enchant weapon {unknown}
Potions
 e - a potion of haste {unknown}
 l - 2 potions of berserk rage {unknown}
 o - a potion of cure mutation
 q - 4 potions of curing {unknown}
 s - a potion of resistance {unknown}
 u - 3 potions of flight
 x - a potion of mutation {unknown}
 B - a potion of degeneration {unknown}
Books
 v - a book of Frost

   Spells                             Type                      Level
   a - Freeze                         Ice                          1
   b - Throw Frost                    Conjuration/Ice              2
   c - Ozocubu's Armour               Charms/Ice                   3
   d - Throw Icicle                   Conjuration/Ice              4
   e - Summon Ice Beast               Ice/Summoning                4
Comestibles
 c - 4 bread rations
 i - 4 meat rations
 k - a beef jerky
 D - 2 fruits


   Skills:
 + Level 3.3 Fighting
 + Level 4.0 Dodging
 + Level 4.0 Stealth
 + Level 3.0 Spellcasting
 + Level 2.2 Conjurations
 - Level 2.0 Charms
 + Level 7.5 Ice Magic


You had 5 spell levels left.
You knew the following spells:

 Your Spells              Type           Power        Failure   Level  Hunger
a - Freeze                Ice            ####         1%          1    None
b - Ozocubu's Armour      Chrm/Ice       ####....     3%          3    ###....
c - Throw Icicle          Conj/Ice       ####....     12%         4    ####...


Dungeon Overview and Level Annotations

Branches:
Dungeon (6/15)
 Temple: D:4-7

Altars:
Cheibriados
Elyvilon
Kikubaaqudgha
Nemelex Xobeh
Qazlal
Ru
Sif Muna
Trog
Xom

Shops:
D:4 (   D:5 [===   D:6 (

Annotations:
D:3 RyokoTK's ghost, amateur DsGl
D:6 Edmund; Warped's ghost, novice GrGl


Message History

Evoke which item? (* to show all) (? for menu, Esc to quit)
Okay, then.
Unknown command.
Unknown command.
Okay, then.
Unknown command.
Unknown command.
You hit Warped's ghost but do no damage.
Warped's ghost is severely damaged.
Warped's ghost hits you but does no damage.
Warped's ghost hits you! Warped's ghost barely misses you.
Warped's ghost hits you!
Okay, then.
Unknown command.
Unknown command.
The flow of time bends around you.
Warped's ghost resists with some effort.
You feel slightly more hungry. Warped's ghost hits you!
You die...

####### ######
##..##|### #.....
#.###.##.# #####.####
#.####Wl.# #.....#
##.##@##.# #.#####
##...###.## #.#####
#.##.###..###.#...###
##..#..##.##........##
########....._.......
##.#..............
#...........⌠.....
#.#.###........... #
#. ###....._.#.


You could see Warped's ghost and a leopard gecko.

Vanquished Creatures
  Prince Ribbit (D:6)
  A wolf (D:5)
  A phantom (D:4)
  2 scorpions
  A jelly (D:5)
  A centaur zombie (D:5)
  3 hounds
  An orc priest (D:3)
  3 bullfrog skeletons
  2 orc wizards
  Ijyb (D:2)
  A worker ant (D:4)
  Terence (D:3)
  A hound skeleton (D:6)
  A howler monkey skeleton (D:4)
  3 gnolls (D:5)
  7 adders
  An ooze (D:1)
  An adder skeleton (D:5)
  An adder zombie (D:6)
  2 worms
  4 dart slugs
  4 leopard geckos
  9 orcs
  3 ball pythons
  6 giant cockroaches
  10 hobgoblins
  9 jackals
  6 kobolds
  2 quokkas
  9 bats
  10 frilled lizards
  9 goblins
  4 rats
121 creatures vanquished.

Notes
Turn   | Place    | Note
-------+----------+-------------------------------------------
     0 | D:1      | FitzyFitz the High Elf Ice Elementalist began the quest for the Orb.
     0 | D:1      | Reached XP level 1. HP: 11/11 MP: 4/4
   375 | D:1      | Reached XP level 2. HP: 6/17 MP: 4/6
   875 | D:1      | Reached skill level 4 in Ice Magic
  1273 | D:1      | Reached XP level 3. HP: 21/21 MP: 7/7
  1514 | D:2      | Found a snail-covered altar of Cheibriados.
  1514 | D:2      | Found a faded altar of an unknown god.
  1520 | D:2      | Found a bloodstained altar of Trog.
  1523 | D:2      | Found a faded altar of an unknown god.
  1528 | D:2      | Found an ancient bone altar of Kikubaaqudgha.
  1631 | D:2      | Became a worshipper of Cheibriados the Contemplative
  2132 | D:2      | Learned a level 3 spell: Ozocubu's Armour
  2170 | D:3      | Noticed Terence
  2177 | D:3      | Killed Terence
  2177 | D:3      | Reached skill level 5 in Ice Magic
  2177 | D:3      | Reached XP level 4. HP: 27/27 MP: 1/8
  2309 | D:3      | Noticed RyokoTK's ghost (amateur DsGl)
  2387 | D:3      | Noticed Ijyb
  2411 | D:2      | Killed Ijyb
  2599 | D:3      | Reached XP level 5. HP: 22/31 MP: 4/9
  2607 | D:3      | Reached skill level 6 in Ice Magic
  2907 | D:3      | Reached * piety under Cheibriados
  3401 | D:4      | Found a white marble altar of Elyvilon.
  3401 | D:4      | Found a shimmering altar of Xom.
  3602 | D:4      | Found a sacrificial altar of Ru.
  3665 | D:4      | Reached XP level 6. HP: 26/36 MP: 10/10
  3739 | D:4      | Found a deep blue altar of Sif Muna.
  3740 | D:4      | Found Gulucuofyu's Weapon Shop.
  3743 | D:4      | Bought a +0 long sword for 49 gold pieces
  3814 | D:4      | Reached skill level 1 in Fighting
  3870 | D:4      | Reached skill level 7 in Ice Magic
  4385 | D:3      | Reached ** piety under Cheibriados
  4506 | D:5      | Entered Level 5 of the Dungeon
  4648 | D:5      | Reached skill level 1 in Charms
  4648 | D:5      | Reached XP level 7. HP: 32/44 MP: 3/11
  4849 | D:5      | Found Raeggid's Jewellery Emporium.
  4881 | D:5      | Found Mezuzuf's Jewellery Boutique.
  5114 | D:5      | Found Nattiad's Armour Shoppe.
  5169 | D:5      | Found Opoymea's Jewellery Emporium.
  5355 | D:6      | Found Omulanwy's Antique Weapon Shoppe.
  5368 | D:6      | Learned a level 4 spell: Throw Icicle
  5411 | D:6      | Noticed Warped's ghost (novice GrGl)
  5434 | D:6      | Reached *** piety under Cheibriados
  5440 | D:6      | Noticed Edmund
  5868 | D:6      | Found a stormy altar of Qazlal.
  5870 | D:6      | Found a sparkling altar of Nemelex Xobeh.
  6145 | D:6      | Noticed Prince Ribbit
  6154 | D:6      | Killed Prince Ribbit
  6154 | D:6      | Reached XP level 8. HP: 33/52 MP: 3/13
  6248 | D:6      | Slain by Warped's ghost

Vault maps used:
D:1:      grunt_arrival_lava_bath
D:2:      chequers_temple_overflow_minitemple
D:3:      first_bread, minmay_bisected, uniq_terence, uniq_iyjb
D:4:      marbit_many_paths, lemuel_crystal_altar,
          gammafunk_temple_overflow_statue, serial_shops, shop
D:5:      serial_shops, kennysheep_mini, kennysheep_mini_moat,
          nicolae_shop_trees, shop, bh_walls_and_bars
D:6:      minmay_cornered_nines, grunt_temple_overflow_open, serial_shops, shop,
          nemelex_diamond_rough_becter, uniq_edmund, uniq_prince_ribbit1,
          uniq_pikel

Skill      XL: |  1  2  3  4  5  6  7 |
---------------+----------------------+-----
Ice Magic      | 4 5 6 7 |  7.5
Fighting       | 1 3 |  3.3
Stealth        | 3 4 |  4.0
Dodging        | 3 4 |  4.0
Charms         | 1 2 |  2.0
Spellcasting   | 3 |  3.0
Conjurations   | 2 |  2.2

Action                   |  1- 3 |  4- 6 |  7- 9 || total
-------------------------+-------+-------+-------++-------
Melee: Short sword       |    99 |   126 |       ||   225
       Unarmed           |     2 |     2 |       ||     4
       Long sword        |       |    62 |    65 ||   127
 Fire: Hunting sling     |       |    10 |       ||    10
 Cast: Freeze            |    22 |    24 |    13 ||    59
       Ozocubu's Armour  |     2 |     9 |     8 ||    19
       Throw Icicle      |       |       |     4 ||     4
Invok: Bend Time         |       |       |     1 ||     1
Evoke: Wand              |       |     1 |     1 ||     2
  Use: Scroll            |       |     3 |     2 ||     5
       Potion            |       |       |     1 ||     1
 Stab: Sleeping          |     8 |     1 |     1 ||    10
       Distracted        |       |     1 |     1 ||     2
  Eat: Chunk             |     4 |     7 |     2 ||    13
Armor: Robe              |    21 |   120 |    79 ||   220
Dodge: Dodged            |    93 |   206 |   134 ||   433
       Rpst.: Long sword |       |    32 |    49 ||    81
